 Dungeon Crawl Stone Soup version 0.30.1-9-gdf580d7c3d (webtiles) character file.

Game seed: 4862570937161474945

11078 ChiefBigBeans the Grappler (level 11, -3/172 HPs)
             Began as a Troll Berserker on Oct 3, 2023.
             Was a High Priest of Trog.
             Slain by a yak (12 damage)
             ... on level 1 of the Lair of Beasts.
             The game lasted 00:18:03 (8033 turns).

ChiefBigBeans the Grappler (Troll Berserker)        Turns: 8033, Time: 00:18:04

Health: -3/172     AC: 10    Str: 31    XL:     11   Next: 44%
Magic:  10/10      EV:  9    Int:  3    God:    Trog [*****.]
Gold:   538        SH: 14    Dex:  9    Spells: 10/10 levels left

rFire   . . .        f - +0 demon whip (venom)
rCold   + . .        m - +4 kite shield
rNeg    . . .        C - +1 steam dragon scales
rPois   .            z - +1 hat {Stlth+}
rElec   .            g - +0 cloak
rCorr   .            (gloves unavailable)
SInv    .            (boots unavailable)
Will    .....        x - amulet of regeneration Stlth
                     w - ring of protection from cold
HPRegen 2.08/turn    (no ring)
MPRegen 0.12/turn

%: no passive effects
@: berserking (expiring), very quick
A: large, unfitting armour, claws 3, regeneration 1, shaggy fur 1, tough skin 1
a: Renounce Religion, Berserk, Trog's Hand, Brothers in Arms


You were on level 1 of the Lair of Beasts.
You worshipped Trog.
Trog was extremely pleased with you.
You visited 2 branches of the dungeon, and saw 11 of its levels.
You also visited: Ossuary.

You collected 928 gold pieces.
You spent 390 gold pieces at shops.

Inventory:

Hand Weapons
 f - a +0 demon whip of venom (weapon)
 B - a +0 giant spiked club of protection
Armour
 g - a +0 cloak (worn)
 m - a +4 kite shield (worn)
 z - a +1 hat of stealth (worn)
 C - +1 steam dragon scales (worn)
Jewellery
 w - a ring of protection from cold (left claw)
 x - an amulet of regeneration (around neck)
Wands
 c - a wand of iceblast (13)
 i - a wand of mindburst (9)
 u - a wand of polymorph (16)
 y - a wand of digging (7)
Scrolls
 h - 3 scrolls of fog
 s - a scroll of fear
 v - 2 scrolls of magic mapping
Potions
 b - 2 potions of heal wounds
 d - a potion of might {unknown}
 e - a potion of resistance
 k - 5 potions of flight
 n - 7 potions of curing
 t - 2 potions of magic
Miscellaneous
 a - a piece from Xom's chessboard (15/15)


   Skills:
 + Level 9.1 Fighting
 * Level 7.3 Maces & Flails
 - Level 2.4 Dodging
 + Level 8.8 Shields
 - Level 9.1 Unarmed Combat


You had 10 spell levels left.
You didn't know any spells.
Your spell library was empty.

Dungeon Overview and Level Annotations

Branches:
Dungeon (10/15)            Temple (0/1) D:4            Lair (1/5) D:10
    Orc (0/2) D:10        Ossuary (visited)

Altars:
Gozag
Kikubaaqudgha
Makhleb
Trog
Uskayaw
Wu Jian
Yredelemnul
The Shining One

Shops:
D:8 *[


Innate Abilities, Weirdness & Mutations

You are too large for most types of armour.
You have claws for hands.
Your natural rate of healing is unusually fast.
You are covered in fur. (AC +1)
You have tough skin. (AC +1)


Message History

You hit the yak.
The yak is moderately wounded.
You hit the yak.
The yak is poisoned.
The yak is heavily wounded.
The yak gores you.
You block the yak's attack. x2; The yak barely misses you.
You block the yak's attack.
You barely miss the yak.
The yak is heavily wounded.
You whack the yak!
The yak looks as sick as possible!
The yak is severely wounded.
The yak looks more healthy.
The yak gores you!
* * * LOW HITPOINT WARNING * * *
The yak gores you but does no damage. The yak gores you.
* * * LOW HITPOINT WARNING * * *
The yak barely misses you. The yak gores you!
* * * LOW HITPOINT WARNING * * *
You hit the yak but do no damage.
The yak is poisoned.
The yak is lightly wounded.
You hit the yak.
The yak is poisoned.
The yak is heavily wounded.
The yak gores you.
* * * LOW HITPOINT WARNING * * *
You block the yak's attack. x2; The yak gores you!
* * * LOW HITPOINT WARNING * * *
The yak gores you.
* * * LOW HITPOINT WARNING * * *
The yak gores you.
* * * LOW HITPOINT WARNING * * *
You block the yak's attack.
You hit the yak.
The yak looks as sick as possible!
The yak is severely wounded.
You thrash the yak!!
You kill the yak!
Trog accepts your kill. The yak gores you!
* * * LOW HITPOINT WARNING * * *
You block the yak's attack. The yak gores you.
* * * LOW HITPOINT WARNING * * *
The yak gores you!
You die...

#..8..### #......P#.##.##....#
...#......####..................#
..#......#......................#
. #.............................#
###...#.......................#
#......................##.....#
...............Y.........##....#
.........##....YYY.......###....#
...............Y@Y.)............#
##.............Y................#
####........................####
###### ##.##..........##.....#
#.##.###.#..##......#.###......#
.....................#.########.#
..#..................### ##
....................##
..#........#........#


You could see 7 yaks.

Vanquished Creatures
  Gastronok (D:10)
  2 two-headed ogres
  Amaemon (D:10)
  Maurice (D:8)
  2 black mambas (Lair:1)
  An orange demon (Lair:1)
  A komodo dragon (Lair:1)
  A shadow (D:10)
  19 yaks
  2 steam dragons
  Menkaure (D:5)
  3 water moccasins
  Duvessa (D:6)
  4 orc warriors (D:10)
  3 sky beasts
  A black bear (D:6)
  2 centaurs
  3 wolves (D:10)
  A phantom (D:5)
  4 lemures (D:5)
  An elf zombie (Ossuary)
  2 kobold brigands
  5 bullfrogs
  A gnoll sergeant (D:8)
  A scorpion (D:5)
  6 wights
  Dowan (D:6)
  4 killer bees (D:9)
  A howler monkey (D:5)
  5 orc priests
  A human zombie (Ossuary)
  3 iguanas
  6 orc wizards
  A sleepcap (D:7)
  A hound zombie (Ossuary)
  4 mummies (Ossuary)
  11 adders
  8 gnolls
  5 white imps
  2 adder zombies (Ossuary)
  3 worms
  A dart slug (D:2)
  25 orcs
  5 bats
  6 endoplasms
  4 giant cockroaches
  A gnoll zombie (Ossuary)
  5 goblins
  8 hobgoblins
  6 jackals
  16 kobolds
  4 quokkas
  7 ball pythons
  5 frilled lizards
  A goblin zombie (Ossuary)
  2 hobgoblin zombies (Ossuary)
  A jackal zombie (Ossuary)
  An orc zombie (Ossuary)
  A rat (D:2)
  A rat zombie (Ossuary)
226 creatures vanquished.

Notes
Turn   | Place    | Note
-------+----------+-------------------------------------------
     0 | D:1      | ChiefBigBeans the Troll Berserker began the quest for the
                  | Orb.
     0 | D:1      | Reached XP level 1. HP: 22/22 MP: 0/0
    98 | D:1      | Found a faded altar of an unknown god.
   154 | D:1      | Reached XP level 2. HP: 28/29 MP: 1/1
   891 | D:2      | Reached XP level 3. HP: 37/37 MP: 2/2
  1029 | D:2      | Reached ** piety under Trog
  1087 | D:2      | Reached XP level 4. HP: 45/45 MP: 3/3
  1652 | D:3      | Found an opulent altar of Gozag.
  1782 | D:3      | Reached XP level 5. HP: 45/54 MP: 4/4
  2169 | D:3      | Found a glowing golden altar of the Shining One.
  2172 | D:3      | Found a basalt altar of Yredelemnul.
  2176 | D:3      | Found a bloodstained altar of Trog.
  2263 | D:3      | Reached *** piety under Trog
  2334 | D:4      | Noticed a sky beast
  2340 | D:4      | Killed a sky beast
  2341 | D:4      | Reached skill level 1 in Shields
  2341 | D:4      | Reached skill level 5 in Unarmed Combat
  2341 | D:4      | Reached XP level 6. HP: 38/62 MP: 5/5
  2371 | D:4      | Found a staircase to the Ecumenical Temple.
  3113 | D:5      | Entered Level 5 of the Dungeon
  3115 | D:5      | Found an ancient bone altar of Kikubaaqudgha.
  3293 | D:5      | Noticed a water moccasin
  3301 | D:5      | Killed a water moccasin
  3302 | D:5      | Reached XP level 7. HP: 62/71 MP: 6/6
  3470 | D:5      | Noticed Menkaure
  3480 | D:5      | Killed Menkaure
  3481 | D:5      | Reached skill level 5 in Fighting
  3794 | D:6      | Found a sand-covered staircase.
  3806 | Ossuary  | Entered an ossuary
  4174 | D:6      | Found an ornate altar of the Wu Jian Council.
  4353 | D:6      | Noticed Dowan
  4355 | D:6      | Noticed Duvessa
  4363 | D:6      | Killed Duvessa
  4364 | D:6      | Reached XP level 8. HP: 75/81 MP: 5/7
  4370 | D:6      | Killed Dowan
  4370 | D:6      | Reached **** piety under Trog
  4762 | D:7      | Reached skill level 5 in Shields
  5070 | D:7      | Reached XP level 9. HP: 83/91 MP: 6/8
  5651 | D:8      | Noticed Maurice
  5678 | D:8      | Killed Maurice
  5697 | D:8      | Found Xaxetzopn's Armour Shop.
  5760 | D:8      | Reached ***** piety under Trog
  5967 | D:8      | Found Gomat's Neck Hole.
  5976 | D:8      | Bought an amulet of regeneration for 390 gold pieces
  6255 | D:9      | Found a hide-covered altar of Uskayaw.
  6336 | D:9      | Noticed a two-headed ogre
  6342 | D:9      | Killed a two-headed ogre
  6426 | D:9      | Reached XP level 10. HP: 53/104 MP: 9/9
  6562 | D:9      | Reached skill level 1 in Maces & Flails
  7023 | D:10     | Entered Level 10 of the Dungeon
  7027 | D:10     | Received a gift from Trog
  7069 | D:10     | Found a staircase to the Lair.
  7108 | D:10     | Found a burning altar of Makhleb.
  7179 | D:10     | Noticed a two-headed ogre
  7180 | D:10     | Noticed Gastronok
  7191 | D:10     | Killed a two-headed ogre
  7210 | D:10     | Killed Gastronok
  7211 | D:10     | Reached skill level 5 in Maces & Flails
  7272 | D:10     | Found a staircase to the Orcish Mines.
  7294 | D:10     | Reached XP level 11. HP: 110/113 MP: 10/10
  7615 | Lair:1   | Entered Level 1 of the Lair of Beasts
  7615 | Lair:1   | Noticed Amaemon
  7660 | D:10     | Killed Amaemon
  7680 | Lair:1   | HP: 5/113 [poisoned by an orange demon]
  8033 | Lair:1   | Slain by a yak

Illustrated notes

Levels and vault maps discovered:
D:1:      dpeg_arrival_rooms_with_view, layout_basic,
          shapermc_ecumenical_altar_notcrosses
D:2:      layout_basic
D:3:      layout_basic, nicolae_gozag_seed_capital,
          grunt_temple_overflow_diamond, minmay_pentangle
D:4:      layout_basic, minmay_temple_entry_glass
D:5:      layout_cave_pools, mainiacjoe_overflow_boulevard, fountainhead,
          uniq_pikel, uniq_menkaure
D:6:      layout_gridville, mainiacjoe_overflow_alcove_1,
          nicolae_ossuary_entry_monument, uniq_duvessa
D:7:      layout_loops_cross
D:8:      layout_loops_ring, serial_shops, nicolae_shop_advertising_works
          [nicolae_subvault_shop_adworks], nicolae_shop_sticking_my_neck_out,
          uniq_maurice
D:9:      layout_gridville, mainiacjoe_overflow_catwalk
D:10:     layout_roguey, amcnicky_altar_gilded, lair_entry_dummy,
          minmay_orc_entry_temple_small, uniq_gastronok
Lair:1:   layout_hall_layers, columned_hall_lemuel,
          dreamdust_deal_with_the_devil, grunt_megastairs_3, uniq_fannar,
          uniq_amaemon

Skill      XL: |  1  2  3  4  5  6  7  8  9 10 11 |
---------------+----------------------------------+-----
Fighting       | 3 4 5 6 7 8 9 |  9.1
Unarmed Combat | 4 5 6 7 9 |  9.1
Shields        | 1 2 3 5 7 8 |  8.8
Maces & Flails | 5 7 |  7.3
Dodging        | |  2.4

Action                     |  1- 3 |  4- 6 |  7- 9 | 10-12 || total
---------------------------+-------+-------+-------+-------++-------
  Melee: Unarmed           |    75 |   204 |   267 |   180 ||   726
         Demon whip        |       |       |       |    86 ||    86
 Invoke: Berserk           |       |       |       |     1 ||     1
    Use: Scroll            |       |    16 |     5 |     5 ||    26
         Potion            |       |       |     1 |     1 ||     2
   Stab: Sleeping          |       |     1 |       |     1 ||     2
 Armour: Animal skin       |    31 |    52 |   115 |       ||   198
         Steam dragon scal |       |       |       |    91 ||    91
  Dodge: Dodged            |    44 |    80 |    97 |   114 ||   335
  Block: Kite shield       |       |    35 |   165 |   228 ||   428
